 Dungeon Crawl Stone Soup version 0.21-a0-591-g2314aa1 (webtiles) character file.

56 mopl the Chopper (level 3, -2/30 HPs)
             Began as a Hill Orc Wanderer on Dec 22, 2017.
             Slain by Terence
             ... wielding a +0 mace
              (8 damage)
             ... on level 2 of the Dungeon.
             The game lasted 00:02:28 (2583 turns).

mopl the Chopper (Hill Orc Wanderer)                Turns: 2583, Time: 00:02:28

Health: -2/30      AC:  5    Str: 13    XL:     3   Next: 95%
Magic:  5/5        EV: 10    Int: 12    God:
Gold:   64         SH:  0    Dex: 12    Spells: 5/5 levels left

rFire    . . .     SeeInvis +   i - +0 hand axe
rCold    . . .     Gourm    .   (no shield)
rNeg     . . .     Faith    .   q - +0 ring mail
rPois    .         Spirit   .   (no helmet)
rElec    .         Reflect  .   (no cloak)
rCorr    .         Harm     .   (no gloves)
MR       .....                  (no boots)
Stlth    +.........             h - amulet of magic regeneration
HPRegen  0.10/turn              n - ring of see invisible
MPRegen  0.34/turn              (no ring)

@: no status effects
A: no striking features
a: no special abilities


You were on level 2 of the Dungeon.
You were not hungry.

You visited 1 branch of the dungeon, and saw 2 of its levels.

You collected 64 gold pieces.

Inventory:

Hand Weapons
 c - a +0 quarterstaff
 i - a +0 hand axe (weapon)
Missiles
 m - 13 poisoned needles
Armour
 q - a +0 ring mail (worn)
Jewellery
 h - an amulet of magic regeneration (around neck)
 n - a ring of see invisible (left hand)
Scrolls
 a - a scroll of fog {unknown}
 b - a scroll of blinking
 k - 3 scrolls of remove curse {unknown}
 l - a scroll of fear {unknown}
 o - 2 scrolls of teleportation {unknown}
 r - a scroll of identify {unknown}
Potions
 d - a potion of lignification {!q}
 g - a potion of flight {unknown}
 j - a potion of cancellation {unknown}
 p - a potion of curing {unknown}
Comestibles
 f - 7 rations


   Skills:
 + Level 2.4 Fighting
 * Level 3.0 Axes
 - Level 1.0 Staves
 + Level 1.7 Armour
 - Level 1.0 Dodging
 - Level 2.4 Stealth
 - Level 1.5 Spellcasting
   Level 1.0 Ice Magic
   Level 1.0 Evocations


You had 5 spell levels left.
You didn't know any spells.

Dungeon Overview and Level Annotations

Branches:
Dungeon (2/15)

Altars:
Fedhas

Annotations:
D:2 Terence


Message History

* * * LOW HITPOINT WARNING * * *
You hit Terence but do no damage.
Terence is moderately wounded.
Terence hits you but does no damage.
You hit Terence.
Terence is heavily wounded.
Terence barely misses you.
You hit Terence but do no damage.
Terence is heavily wounded.
You closely miss Terence.
Terence is heavily wounded.
Terence hits you with a mace.
* * * LOW HITPOINT WARNING * * *
You hit Terence but do no damage.
Terence is heavily wounded.
Terence barely misses you.
Your ring mail prevents you from hitting Terence.
Terence is heavily wounded.
Terence hits you with a mace!
You die...

..# #.# #.# #####.####
#.# #####.....##.###.#
...[#.........##.#
....#...<......#.#
.................#####
................@@...#
..........[.....####.#
# ....#...##.....## #
....#...###...## #
)######## ##..# ...# #
.# ##+## #.. # .#
##...## ... # .####
##.....## ### #.# #
.##.## ##.......##
##.###.# #


You could see Terence.

Vanquished Creatures
  2 adders (D:2)
  3 ball pythons
  6 goblins
  5 hobgoblins
  7 jackals (D:1)
  3 bats
  3 frilled lizards
  2 kobolds
  4 rats
35 creatures vanquished.

Notes
Turn   | Place    | Note
-------+----------+-------------------------------------------
     0 | D:1      | mopl the Hill Orc Wanderer began the quest for the Orb.
     0 | D:1      | mopl set off with: a +2 dagger, a scroll of blinking, a +0 quarterstaff, a potion of lignification {!q}, a +0 robe, a ration
     0 | D:1      | Reached XP level 1. HP: 16/16 MP: 3/3
   308 | D:1      | Reached skill level 1 in Axes
   309 | D:1      | Reached XP level 2. HP: 12/24 MP: 4/4
   591 | D:1      | Reached skill level 1 in Armour
   664 | D:1      | HP: 1/24 [jackal (2)]
  1007 | D:1      | Reached skill level 2 in Fighting
  1043 | D:1      | Reached skill level 2 in Axes
  1360 | D:2      | Reached XP level 3. HP: 20/29 MP: 5/5
  2394 | D:2      | Found a blossoming altar of Fedhas.
  2399 | D:2      | Reached skill level 3 in Axes
  2544 | D:2      | Noticed Terence
  2583 | D:2      | Slain by Terence

Vault maps used:
D:1:      dpeg_arrival_central
D:2:      fedhas_altar_fruit_tree, moated_statue, uniq_terence

Skill      XL: |  1  2  3 |
---------------+----------+-----
Axes           | 1 2 3 |  3.0
Armour         | 1 |  1.7
Fighting       | 2 |  2.4
Staves         | |  1.0
Dodging        | |  1.0
Stealth        | |  2.4
Spellcasting   | |  1.5
Ice Magic      | |  1.0
Evocations     | |  1.0

Action                   || total
-------------------------++-------
Melee: Hand axe          ||   124
       Quarterstaff      ||     6
 Stab: Sleeping          ||     4
  Eat: Chunk             ||     5
Armor: Robe              ||    26
       Ring mail         ||     2
Dodge: Dodged            ||    88

Table legend:
 A = Spawn XP
 B = Non-spawn XP
 C = Spawn XP percentage of total XP
 D = Spawn monster count
 E = Non-spawn monster count
 F = Spawn count percentage of total count
 G = Total turns spent on level
                    A         B        C        D         E        F      G
               +---------+---------+-------+---------+---------+-------+---------
         Total |       0 |      80 |   0.0 |       0 |      35 |   0.0 |  2583
               +---------+---------+-------+---------+---------+-------+---------
           D:1 |       0 |      31 |   0.0 |       0 |      19 |   0.0 |  1299
           D:2 |       0 |      49 |   0.0 |       0 |      16 |   0.0 |  1284
               +---------+---------+-------+---------+---------+-------+---------
